 Dungeon Crawl Stone Soup version 0.31-a0-986-g5e6e4ef867 (webtiles) character file.

Game seed: 811297168957177880

37 Danienth the Covert (level 3, 0/35 HPs)
             Began as a Gnoll Delver on Nov 11, 2023.
             Slain by an iguana (14 damage)
             ... on level 4 of the Dungeon.
             The game lasted 00:03:16 (318 turns).

Danienth the Covert (Gnoll Delver)                   Turns: 318, Time: 00:03:19

Health: 0/35       AC:  3    Str: 11    XL:     3   Next: 39%
Magic:  4/4        EV: 12    Int:  9    God:
Gold:   4          SH:  4    Dex: 15    Spells: 3/3 levels left

rFire   . . .        k - +3 dagger
rCold   . . .        j - +0 buckler
rNeg    . . .        b - +0 leather armour
rPois   .            (no helmet)
rElec   .            (no cloak)
rCorr   .            (no gloves)
SInv    .            (no boots)
Will    .....        (no amulet)
Stlth   ++++         (no ring)
HPRegen 0.25/turn    (no ring)
MPRegen 0.09/turn

%: no passive effects
@: no status effects
A: fangs 1, strong nose, distributed training
a: no special abilities


You were on level 4 of the Dungeon.
You visited 1 branch of the dungeon, and saw 2 of its levels.

You collected 4 gold pieces.

Inventory:

Hand Weapons
 a - a +0 hand axe
 i - a +1 short sword of venom
 k - a +3 dagger (weapon)
Missiles
 l - 2 boomerangs
Armour
 b - a +0 leather armour (worn)
 j - a +0 buckler (worn)
Wands
 g - a wand of digging (3)
Scrolls
 c - a scroll of fog
 d - a scroll of revelation
Potions
 e - a potion of cancellation {unknown}
 f - a potion of haste
 h - a potion of resistance {unknown}


   Skills:
 + Level 6.5 Fighting
 + Level 0.8 Short Blades
 + Level 0.8 Long Blades
 + Level 4.5 Axes
 + Level 0.8 Maces & Flails
 + Level 0.8 Polearms
 + Level 0.8 Staves
 + Level 0.8 Ranged Weapons
 + Level 0.8 Throwing
 + Level 0.8 Armour
 + Level 4.5 Dodging
 + Level 9.6 Stealth
 + Level 0.8 Shields
 + Level 0.8 Unarmed Combat
 + Level 0.8 Spellcasting
 + Level 0.5 Conjurations
 + Level 0.5 Hexes
 + Level 0.5 Summonings
 + Level 0.5 Necromancy
 + Level 0.5 Translocations
 + Level 0.5 Transmutations
 + Level 0.5 Fire Magic
 + Level 0.5 Ice Magic
 + Level 0.5 Air Magic
 + Level 0.5 Earth Magic
 + Level 0.5 Poison Magic
 + Level 1.0 Invocations
 + Level 0.8 Evocations
 + Level 0.7 Shapeshifting


You had 3 spell levels left.
You didn't know any spells.
Your spell library was empty.

Dungeon Overview and Level Annotations

Branches:
Dungeon (5/15)
 Temple: D:4-7

Altars:

Shops:
D:5 **


Innate Abilities, Weirdness & Mutations

You have very sharp teeth.
Your uncanny sense of smell can sniff out nearby items.
Your experience applies equally to all skills.


Message History

Things that are here:
a +0 short sword; an orc corpse You see here 2 boomerangs.
l - 2 boomerangs An iguana comes into view.
Found a There-And-Back Book.
Found 9 stones.
No target in view!
No target in view!
No target in view!
No target in view!
No target in view!
No target in view!
No target in view!
You see here a There-And-Back Book.
The iguana hisses angrily.
You hit the iguana but do no damage. The iguana barely misses you.
You barely miss the iguana. The iguana bites you.
You hit the iguana.
The iguana is moderately wounded.
The iguana bites you.
You hit the iguana but do no damage.
The iguana is moderately wounded.
The iguana bites you!
You hit the iguana but do no damage.
The iguana is moderately wounded.
The iguana bites you.
You hit the iguana. You bite the iguana, but do no damage.
The iguana is heavily wounded.
The iguana bites you!
You are too injured to fight recklessly!
You are too injured to fight recklessly!
You are too injured to fight recklessly!
Hit: k) +3 dagger
Press: ? - help, Dir - move target, f - iguana
Aim: an iguana (heavily wounded, about 28% to evade your +3 dagger)
You hit the iguana but do no damage.
The iguana is heavily wounded.
The iguana bites you!
You die...

#... ∆ ......# ##..
......# ###.. #.....
###.... ##.....#
####......
#....#..###.........
#....#..............
##...l##.............
##...@................
####...:.....##..........
...........#####.........
.####.....## #...##....
####..# ##..###... #..#
#..# ##.. ##..# ##.####..
##...# ##..##... ###
##....## #........


You could see an iguana.

Vanquished Creatures
  An iguana (D:4)
  An adder (D:5)
  An orc (D:4)
  A goblin (D:4)
4 creatures vanquished.

Notes
Turn   | Place    | Note
-------+----------+-------------------------------------------
     0 | D:5      | Reached skill level 9 in Stealth
     0 | D:5      | Danienth the Gnoll Delver began the quest for the Orb.
     0 | D:5      | Reached XP level 1. HP: 23/23 MP: 1/1
    81 | D:5      | Found Noeph's General Store.
    85 | D:5      | Found Potinwe's Specific Store.
   108 | D:5      | Reached XP level 2. HP: 29/29 MP: 2/2
   174 | D:4      | Reached XP level 3. HP: 18/35 MP: 2/4
   295 | D:4      | Reached skill level 1 in Invocations
   318 | D:4      | Slain by an iguana

Illustrated notes

Levels and vault maps discovered:
D:4:      layout_layer_cave, mainiacjoe_overflow_catwalk, st_stairs_7,
          hangedman_abyss_or_decor_passed
D:5:      layout_gridville, zin_statuary, general_overflow_altar,
          nicolae_specific_store, minmay_checkerbox, uniq_duvessa

Skill      XL: |  1  2  3 |
---------------+----------+-----
Stealth        | |  9.6
Invocations    | 1 |  1.0
Fighting       | |  6.5
Short Blades   | |  0.8
Long Blades    | |  0.8
Axes           | |  4.5
Maces & Flails | |  0.8
Polearms       | |  0.8
Staves         | |  0.8
Ranged Weapons | |  0.8
Throwing       | |  0.8
Armour         | |  0.8
Dodging        | |  4.5
Shields        | |  0.8
Unarmed Combat | |  0.8
Spellcasting   | |  0.8
Conjurations   | |  0.5
Hexes          | |  0.5
Summonings     | |  0.5
Necromancy     | |  0.5
Translocations | |  0.5
Transmutations | |  0.5
Fire Magic     | |  0.5
Ice Magic      | |  0.5
Air Magic      | |  0.5
Earth Magic    | |  0.5
Poison Magic   | |  0.5
Evocations     | |  0.8
Shapeshifting  | |  0.7

Action                     || total
---------------------------++-------
  Melee: Short sword       ||    14
         Bite              ||     3
         Dagger            ||    11
    Use: Scroll            ||     1
   Stab: Sleeping          ||     2
 Armour: Leather armour    ||    17
  Dodge: Dodged            ||     5
  Block: Buckler           ||     1

Table legend: (Time is in decaauts)
 A = Elapsed time spent in this place.
 B = Non-inter-level travel time spent in this place.
 C = Inter-level travel time spent in this place.
 D = Time resting spent in this place.
 E = Time spent auto-exploring this place.
 F = Levels seen in this place.
 G = Mean time per level.
                   A        B        C        D        E       F      G
               +--------+--------+--------+--------+--------+-----+--------+
         Total |    317 |    297 |     20 |     65 |     98 |   2 |  158.5 |
       Dungeon |    317 |    297 |     20 |     65 |     98 |   2 |  158.5 |
               +--------+--------+--------+--------+--------+-----+--------+

Top non-repeatable levels by time:
     D:5: 167 daAuts
     D:4: 149 daAuts
